 Dungeon Crawl Stone Soup version 0.19.1-1-g22dce08 (webtiles) character file.

116559 Rrauwl the Cleaver (level 16, 0/143 HPs)
             Began as a Minotaur Berserker on Jan 12, 2017.
             Was a High Priest of Trog.
             Shot with a bolt by a yaktaur (20 damage)
             ... on level 1 of the Depths.
             The game lasted 04:12:23 (26849 turns).

Rrauwl the Cleaver (Minotaur Berserker)            Turns: 26849, Time: 04:12:24

Health: 0/143      AC: 32    Str: 33    XL:     16   Next: 21%
Magic:  21/21      EV: 21    Int:  4    God:    Trog [*****.]
Gold:   1985       SH: 10    Dex: 17    Spells: 0 memorised, 15 levels left

rFire  . . .     SeeInvis .     S - +8 rapier of the Hierophant {pierce, Str+4 Dex-3}
rCold  + . .     Gourm    .     a - +3 mottled dragon scales
rNeg   . . .     Faith    +     M - +2 buckler {AC+3}
rPois  +         Spirit   .     (helmet unavailable)
rElec  .         Reflect  .     f - +0 cloak
rCorr  +         Harm     .     x - +3 pair of gloves of Miracles {rCorr Dex+7}
MR     +....     Clarity  +     G - +2 pair of boots {Stlth+}
Stlth  ++++......               m - amulet of faith
                                o - ring of protection from cold
                                d - +3 ring of strength

@: exhausted, slowed, very slow
A: retaliatory headbutt, horns 3, icy blue scales 1, iridescent scales 1, thin
metallic scales 1, blink, clarity, poison resistance, shaggy fur 1
a: Blink, Berserk, Trog's Hand, Brothers in Arms, Burn Spellbooks, Renounce
Religion


You were on level 1 of the Depths.
You worshipped Trog.
Trog was extremely pleased with you.
You were very hungry.

You visited 3 branches of the dungeon, and saw 22 of its levels.
You also visited: Trove and Ice Cave.

You collected 3612 gold pieces.
You spent 1627 gold pieces at shops.

Inventory:

Hand Weapons
 s - a +6 flail of crushing
 F - a +2 hunting sling of freezing
 S - the +8 rapier of the Hierophant (weapon) {pierce, Str+4 Dex-3}
   (You found it on level 9 of the Dungeon)

   It inflicts extra damage upon your enemies.
   It affects your strength (+4).
   It affects your dexterity (-3).
 X - the +2 broad axe of the Pillar {chop, rPois MR+ Int+3 Stlth+}
   (Trog gifted it to you on level 14 of the Dungeon)

   It inflicts extra damage upon your enemies.
   It affects your intelligence (+3).
   It protects you from poison.
   It affects your resistance to hostile enchantments.
   It makes you more stealthy.
Missiles
 j - 99 sling bullets
 q - 72 bolts
Armour
 a - +3 mottled dragon scales (worn)
 f - a +0 cloak (worn)
 r - quicksilver dragon scales
 t - a +0 pair of gloves of strength
 x - the +3 pair of gloves of Miracles (worn) {rCorr Dex+7}
   (You bought it in a shop on level 8 of the Dungeon)

   It affects your dexterity (+7).
   It protects you from acid and corrosion.
 z - the +1 leather armour "Igejiank" {+Inv rPois MR+++ rCorr}
   (You bought it in a shop on level 1 of the Depths)

   It protects you from poison.
   It affects your resistance to hostile enchantments.
   It lets you turn invisible.
   It protects you from acid and corrosion.
 G - a +2 pair of boots of stealth (worn)
 M - a +2 buckler of protection (worn)
Jewellery
 d - a +3 ring of strength (left hand)
 m - an amulet of faith (around neck)
 o - a ring of protection from cold (right hand)
 C - an uncursed ring of protection from cold
 J - an uncursed ring of see invisible
 N - an uncursed amulet of the gourmand
Wands
 b - a wand of enslavement (10/24)
 e - a wand of disintegration (18/24)
 l - a wand of acid (11/15)
 w - a wand of digging (20/24)
Scrolls
 h - 7 scrolls of remove curse
 p - 7 scrolls of identify
 y - 4 scrolls of fear
 K - 4 scrolls of fog
Potions
 k - a potion of cancellation
 n - 6 potions of flight
 D - a potion of ambrosia
 I - 6 potions of curing
Books
 u - the Incunabulum of Venomous Lightness
   (You found it in a treasure trove)

   Spells                             Type                      Level
   a - Shock                          Conjuration/Air              1
   b - Swiftness                      Charms/Air                   2
   c - Ignite Poison                  Fire/Transmutation/Poison    3
   d - Summon Lightning Spire         Summoning/Air                4
   e - Lightning Bolt                 Conjuration/Air              5
   f - Silence                        Hexes/Air                    5
   Trog disapproves of the use of such an item.
Miscellaneous
 O - a phial of floods
Comestibles
 c - 3 bread rations
 g - 3 beef jerkies
 v - 7 chunks of flesh
 A - 5 royal jellies


   Skills:
 - Level 13.0 Fighting
 + Level 11.5 Short Blades
 - Level 14.0 Axes
 + Level 13.5 Armour
 + Level 12.5 Dodging
 - Level 7.0 Stealth
 + Level 13.0 Shields
 - Level 9.0 Evocations


You had 15 spell levels left.
You didn't know any spells.

Dungeon Overview and Level Annotations

Branches:
Dungeon (15/15)            Temple (0/1) D:6            Lair (6/6) D:11
 Shoals (0/4) Lair:2        Snake (0/4) Lair:4        Slime (0/5) Lair:5
    Orc (0/2) D:12         Vaults (0/5) D:14         Depths (1/5) D:15

Altars:
Dithmenos
Elyvilon
Fedhas
Gozag
Kikubaaqudgha
Makhleb
Okawaru
Trog
Uskayaw
Vehumet
Xom
Beogh

Shops:
D:5 %   D:6 *   D:8 [   D:9 !   D:11 !   D:14 }   Depths:1 [(

Portals:
Hell: Lair:6
Ziggurat: Depths:1


Innate Abilities, Weirdness & Mutations

You reflexively headbutt those who attack you in melee.
You have a pair of large horns on your head.
You are partially covered in icy blue scales. (AC +2)
You are partially covered in iridescent scales. (AC +2)
You are partially covered in thin metallic scales. (AC +2)
You can translocate small distances at will.
You possess an exceptional clarity of mind.
Your system is resistant to poisons. (rPois)
You are covered in fur. (AC +1)


Message History

The yaktaur wields an arbalest.
The yaktaur shoots a bolt.
The bolt barely misses you.
A yaktaur comes into view.
You feel your anger subside.
A yaktaur comes into view.
The yaktaur shouts!
The yaktaur wields an arbalest.
The yaktaur shoots a bolt.
You block the bolt.
A yaktaur comes into view.
You see here a bolt.
You are no longer berserk.
You are exhausted.
You feel yourself slow down.
The yaktaur wields an arbalest.
The yaktaur shoots a bolt.
You block the bolt.
The yaktaur shoots a bolt.
The bolt hits you.
* * * LOW HITPOINT WARNING * * *
The yaktaur shoots a bolt.
The bolt misses you.
Your two-headed ogre goes berserk!
You are feeling very hungry.
The yaktaur shoots a bolt.
The bolt hits you!!
You die...

.................##..##.......##8
.###...........###....†#O....##8.
#....^..........##..#....##8.. .
##......(.........#...#.##8... .#
#............##..#.###.#8....
..###............§.#....##.#..(..
.........##....###C#.#...#)......
.........##....(.#....[..()#.....
.........##)..O.@#......<(.#8....
.......................###.##8...
...............##.c..### #..##8..
...#..........###..c.# #...##8.
#................cc..# .....##8
#.....................# ......##
#..##................... ......#
#.. #................... .##...
.#.....#...............


You could see 4 yaktaurs and a friendly two-headed ogre (berserk).

Vanquished Creatures
  Gastronok (Lair:1)
  Kirke (D:14)
  6 very ugly things (Depths:1)
  A stone giant (Depths:1)
  Azrael (D:14)
  A dire elephant (Lair:6)
  2 jiangshi (Depths:1)
  Josephine (D:14)
  A great orb of eyes (D:15)
  Harold (Lair:1)
  4 vault guards (D:14)
  A catoblepas (Lair:6)
  11 hydras
  A rakshasa (D:15)
  Erolcha (D:10)
  A death knight (D:13)
  A centaur warrior (D:15)
  A death yak (Lair:6)
  2 tengu warriors
  A sun demon (Lair:6)
  A fire crab (Lair:6)
  A sixfirhy (Lair:6)
  5 skeletal warriors (D:15)
  A wizard (Lair:6)
  3 unseen horrors
  5 hill giants
  A phantasmal warrior (D:13)
  A swamp dragon (shapeshifter) (D:15)
  A wolf spider (D:15)
  22 ugly things
  A necromancer (IceCv)
  Pikel (D:6)
  An orc knight (D:13)
  3 manticores
  4 cyclopes
  A deep elf mage (D:12)
  The ghost of kwasso the Slasher, a novice DrTm of Hepliaklqana (D:5)
  An oklob plant (Lair:1)
  A salamander (shapeshifter) (Depths:1)
  A black mamba (shapeshifter) (D:15)
  6 elephants (Lair:4)
  An ice statue (IceCv)
  3 centaur zombies
  6 orange demons (Lair:6)
  7 black mambas
  14 spiny frogs
  A gargoyle (D:12)
  5 rime drakes
  9 komodo dragons
  An ice devil (Lair:6)
  10 freezing wraiths (IceCv)
  4 yaktaurs
  A kobold demonologist (D:12)
  A guardian mummy (D:14)
  A red devil (Lair:6)
  3 tengu conjurers (D:15)
  A hellwing (Lair:6)
  3 meliai (D:15)
  4 trolls
  3 two-headed ogres
  5 polar bears
  Prince Ribbit (D:8)
  10 blink frogs
  A slime creature (D:14)
  A hornet (D:15)
  A wolf spider simulacrum (IceCv)
  A harpy skeleton (D:14)
  11 dream sheep (Lair:6)
  15 hippogriffs
  A vampire (D:14)
  2 shadows
  Sigmund (D:5)
  8 wraiths
  5 wyverns
  A fire elemental (D:14)
  43 yaks
  2 steam dragons
  Grum (D:8)
  A hog (D:14)
  4 hungry ghosts
  4 basilisks
  6 vampire mosquitoes
  5 mottled dragons
  3 soldier ants (D:11)
  6 nagas (Lair:4)
  3 hell hounds
  15 water moccasins
  5 porcupines
  5 sky beasts
  4 slaves (D:6)
  A black bear (Lair:2)
  11 ice beasts
  8 orc warriors
  2 phantoms
  A necrophage (D:6)
  2 alligator simulacra (IceCv)
  An eye of draining (D:13)
  6 ogres
  6 wolves
  13 centaurs
  13 crocodiles
  A big kobold (D:9)
  24 bullfrogs
  A water moccasin zombie (D:12)
  A gnoll sergeant (D:7)
  6 scorpions
  3 killer bees (D:10)
  24 wights
  5 howler monkeys
  2 bullfrog zombies (D:11)
  13 crimson imps
  2 quasits
  7 orc priests
  16 orc wizards
  4 bullfrog skeletons
  2 draconian simulacra (IceCv)
  10 hounds
  18 jellies
  4 centaur skeletons
  11 worker ants
  3 spriggan simulacra (IceCv)
  5 troll simulacra (IceCv)
  A wolf simulacrum (IceCv)
  A centaur simulacrum (IceCv)
  A hound zombie (D:6)
  A howler monkey zombie (D:7)
  A worker ant zombie (D:7)
  18 adders
  10 gnolls
  A howler monkey skeleton (D:4)
  4 ogre simulacra (IceCv)
  3 naga simulacra (IceCv)
  4 shadow imps
  12 white imps (IceCv)
  21 oozes
  An adder zombie (D:6)
  2 worms
  3 dart slugs
  5 leopard geckos
  58 orcs
  3 giant cockroaches
  6 goblins
  9 hobgoblins
  9 iguanas
  9 jackals
  8 kobolds
  6 quokkas
  4 bats
  4 frilled lizards
  A jackal skeleton (D:4)
  A jackal zombie (D:5)
  A leopard gecko skeleton (D:4)
  A quokka skeleton (D:4)
  9 rats
  A bush (D:8)
  5 fungi
  4 plants
805 creatures vanquished.

Vanquished Creatures (collateral kills)
  A stone giant (Depths:1)
  An ice dragon (D:13)
  A flayed ghost (D:13)
  A deep elf mage (D:13)
  3 ugly things (Depths:1)
  2 yaktaurs (Depths:1)
  A fire elemental (D:14)
  A hell hound (D:14)
  A draconian simulacrum (IceCv)
  A troll simulacrum (IceCv)
13 creatures vanquished.

Vanquished Creatures (others)
  A wizard (Depths:1)
  5 humans (D:14)
  7 fungi
  2 plants
15 creatures vanquished.

Grand Total: 833 creatures vanquished

Notes
Turn   | Place    | Note
-------+----------+-------------------------------------------
     0 | D:1      | Rrauwl the Minotaur Berserker began the quest for the Orb.
     0 | D:1      | Reached XP level 1. HP: 19/19 MP: 0/0
    40 | D:1      | Reached skill level 4 in Axes
   209 | D:1      | Reached XP level 2. HP: 26/26 MP: 1/1
   941 | D:2      | Reached skill level 5 in Axes
   983 | D:2      | Reached XP level 3. HP: 27/31 MP: 2/2
  1105 | D:2      | Reached ** piety under Trog
  1281 | D:2      | Reached XP level 4. HP: 39/39 MP: 3/3
  1289 | D:2      | Reached skill level 6 in Axes
  2059 | D:3      | Reached XP level 5. HP: 36/45 MP: 4/4
  2491 | D:4      | Reached skill level 7 in Axes
  2506 | D:4      | Found a shimmering altar of Xom.
  2716 | D:4      | Reached skill level 8 in Axes
  2773 | D:4      | Reached XP level 6. HP: 27/51 MP: 5/5
  3240 | D:4      | Reached skill level 9 in Axes
  3247 | D:4      | Reached *** piety under Trog
  3553 | D:5      | Entered Level 5 of the Dungeon
  3554 | D:5      | Noticed kwasso's ghost (novice DrTm)
  3569 | D:5      | Killed kwasso's ghost
  3569 | D:5      | Reached skill level 11 in Axes
  3569 | D:5      | Reached XP level 7. HP: 57/57 MP: 6/6
  3599 | D:5      | Reached XP level 8. HP: 33/64 MP: 7/7
  3619 | D:5      | Noticed Sigmund
  3626 | D:5      | Killed Sigmund
  3626 | D:5      | Reached skill level 12 in Axes
  3786 | D:5      | Gained mutation: You are robust. (+10% HP) [mutagenic meat]
  3787 | D:5      | Gained mutation: Your mind is acute. (Int +2) [mutagenic meat]
  4121 | D:5      | Found a radiant altar of Vehumet.
  4239 | D:5      | Found Giobyor's Food Emporium.
  4462 | D:6      | Reached skill level 13 in Axes
  4618 | D:6      | Noticed Pikel
  4733 | D:6      | Killed Pikel
  4733 | D:6      | Reached XP level 9. HP: 69/79 MP: 8/8
  5199 | D:6      | Reached **** piety under Trog
  5284 | D:6      | Found Qeicer's Assorted Antiques.
  5294 | D:6      | Bought a scroll labeled MYIWOC ACERO for 28 gold pieces
  5714 | D:6      | Found a staircase to the Ecumenical Temple.
  5822 | D:6      | Reached skill level 5 in Fighting
  6028 | D:7      | Found a bloodstained altar of Trog.
  6234 | D:7      | Reached skill level 5 in Armour
  6563 | D:7      | Found a shimmering altar of Xom.
  6734 | D:7      | Found a shadowy altar of Dithmenos.
  6796 | D:8      | Found an ancient bone altar of Kikubaaqudgha.
  6900 | D:8      | Reached ***** piety under Trog
  6997 | D:8      | Lost mutation: Your mind is acute. (Int +2) [potion of cure mutation]
  6997 | D:8      | Lost mutation: You are robust. (+10% HP) [potion of cure mutation]
  6998 | D:8      | Gained mutation: You are frail. (-10% HP) [potion of mutation]
  6998 | D:8      | Gained mutation: You have a somewhat thin skeletal structure. (Dex +2, Stealth) [potion of mutation]
  6998 | D:8      | Gained mutation: Your magical capacity is low. (-10% MP) [potion of mutation]
  6999 | D:8      | Lost mutation: Your magical capacity is low. (-10% MP) [potion of cure mutation]
  6999 | D:8      | Lost mutation: You are frail. (-10% HP) [potion of cure mutation]
  6999 | D:8      | Lost mutation: You have a somewhat thin skeletal structure. (Dex +2, Stealth) [potion of cure mutation]
  7040 | D:8      | Reached skill level 5 in Dodging
  7074 | D:8      | Reached XP level 10. HP: 54/82 MP: 9/9
  7080 | D:8      | Noticed Grum
  7092 | D:8      | Killed Grum
  7361 | D:8      | Reached skill level 5 in Shields
  7366 | D:8      | Gained mutation: You are partially covered in iridescent scales. (AC +2) [mutagenic meat]
  7520 | D:8      | Noticed Prince Ribbit
  7618 | D:8      | Killed Prince Ribbit
  7618 | D:8      | Reached skill level 14 in Axes
  7670 | D:8      | Found Teni's Armour Emporium.
  7683 | D:8      | Bought a +2 hat for 176 gold pieces
  8142 | D:9      | Received a gift from Trog
  8164 | D:9      | Reached skill level 1 in Short Blades
  8258 | D:9      | Got a brightly glowing rapier
  8259 | D:9      | Identified the +8 rapier of the Hierophant {pierce, Str+4 Dex-3} (You found it on level 9 of the Dungeon)
  8386 | D:9      | Found an opulent altar of Gozag.
  8577 | D:9      | Found Jerats's Distillery.
  8586 | D:9      | Bought 2 potions of degeneration for 24 gold pieces
  8631 | D:9      | Found a white marble altar of Elyvilon.
  8670 | D:9      | Found an iron altar of Okawaru.
  8693 | D:9      | Found a blossoming altar of Fedhas.
  8720 | D:9      | Found a hide-covered altar of Uskayaw.
  8734 | D:9      | Found a burning altar of Makhleb.
  8803 | D:10     | Entered Level 10 of the Dungeon
  9060 | D:10     | Reached XP level 11. HP: 56/93 MP: 10/10
  9148 | D:10     | Noticed a hill giant
  9161 | D:10     | Killed a hill giant
  9529 | D:10     | Noticed Erolcha
  9543 | D:10     | Killed Erolcha
  9584 | D:10     | Noticed a hill giant
  9589 | D:10     | Killed a hill giant
  9589 | D:10     | Received a gift from Trog
 10004 | D:11     | Found Cezatai's Distillery.
 10005 | D:11     | Found a staircase to the Lair.
 10012 | D:11     | Bought a potion of lignification for 45 gold pieces
 10021 | D:11     | Noticed a five-headed hydra
 10030 | D:11     | Killed a five-headed hydra
 10030 | D:11     | Reached skill level 5 in Short Blades
 10631 | D:11     | Noticed a purple ugly thing
 10644 | D:11     | Killed a purple ugly thing
 10655 | D:11     | Gained mutation: You have sharp toenails. [mutagenic meat]
 10814 | Lair:1   | Entered Level 1 of the Lair of Beasts
 10896 | Lair:1   | Found a frozen archway.
 10922 | IceCv    | Entered an ice cave
 10983 | IceCv    | Reached XP level 12. HP: 105/105 MP: 11/11
 11277 | IceCv    | Reached skill level 10 in Fighting
 12005 | IceCv    | Found an ancient bone altar of Kikubaaqudgha.
 12009 | IceCv    | Received a gift from Trog
 12107 | IceCv    | Reached skill level 10 in Armour
 12163 | IceCv    | Identified the Collected Works on Cold
 12373 | Lair:1   | Noticed Gastronok
 12387 | Lair:1   | Killed Gastronok
 12538 | Lair:1   | Noticed Harold
 12555 | Lair:1   | Killed Harold
 13885 | Lair:2   | Found a staircase to the Shoals.
 14026 | Lair:2   | Reached skill level 10 in Shields
 14524 | Lair:2   | Reached XP level 13. HP: 116/116 MP: 4/12
 15058 | D:8      | Bought the +3 pair of gloves of Miracles {rCorr Dex+7} for 514 gold pieces
 15425 | Lair:3   | Reached ****** piety under Trog
 16085 | Lair:4   | Reached skill level 10 in Dodging
 16276 | Lair:4   | Found a staircase to the Snake Pit.
 16635 | Lair:4   | You fall through a shaft for 2 floors!
 16635 | Lair:6   | Entered Level 6 of the Lair of Beasts
 16788 | Lair:6   | Received a gift from Trog
 17016 | Lair:6   | Reached XP level 14. HP: 106/126 MP: 13/13
 17311 | Lair:6   | Found a burning altar of Makhleb.
 17323 | Lair:6   | Reached skill level 10 in Short Blades
 18329 | Lair:6   | Found a gateway to Hell.
 18654 | Lair:5   | Found a staircase to the Slime Pits.
 19337 | Lair:6   | Reached skill level 1 in Stealth
 19406 | Lair:4   | Reached skill level 1 in Evocations
 19522 | Lair:4   | Received a gift from Trog
 20208 | D:11     | Bought a potion of beneficial mutation for 525 gold pieces
 20208 | D:11     | Gained mutation: You are resistant to hostile enchantments. (MR+) [potion of beneficial mutation]
 20288 | D:12     | Found a staircase to the Orcish Mines.
 20642 | D:12     | Identified the Incunabulum of the Displaced Birds
 21312 | D:13     | Found a roughly hewn altar of Beogh.
 21738 | D:13     | Reached XP level 15. HP: 135/135 MP: 16/16
 22512 | D:14     | Gained mutation: You are weak. (Str -2) [mutagenic meat]
 22513 | D:14     | Gained mutation: You evolve. [mutagenic meat]
 22514 | D:14     | Gained mutation: You are partially covered in icy blue scales. (AC +2) [mutagenic meat]
 22515 | D:14     | Gained mutation: Your magical capacity is low. (-10% MP) [mutagenic meat]
 22517 | D:14     | Gained mutation: You are partially covered in yellow scales. (AC +2) [mutagenic meat]
 22518 | D:14     | Gained mutation: You are covered in fur. (AC +1) [mutagenic meat]
 22589 | D:14     | Noticed Josephine
 22602 | D:14     | Noticed Kirke
 22605 | D:14     | Killed Josephine
 22615 | D:14     | Killed Kirke
 22615 | D:14     | Reached skill level 5 in Stealth
 22669 | D:14     | Received a gift from Trog
 22669 | D:14     | Reached skill level 5 in Evocations
 22688 | D:14     | Got a bone broad axe {god gift}
 22689 | D:14     | Identified the +2 broad axe of the Pillar {chop, rPois MR+ Int+3 Stlth+} (Trog gifted it to you on level 14 of the Dungeon)
 22707 | D:14     | Found Utageong's Quality Used Wands.
 22716 | D:14     | Found a gate to the Vaults.
 22790 | D:14     | Bought a wand of random effects (0/48) for 14 gold pieces
 22790 | D:14     | Bought a wand of slowing (0/48) for 21 gold pieces
 22790 | D:14     | Bought a wand of polymorph (0/24) for 28 gold pieces
 22842 | D:14     | Noticed Azrael
 22851 | D:14     | Killed Azrael
 23406 | D:14     | Lost mutation: Your magical capacity is low. (-10% MP) [evolution]
 23446 | D:14     | Found a portal to a secret trove of treasure.
 23527 | D:14     | Gained mutation: You are clumsy. (Dex -2) [potion of mutation]
 23528 | D:14     | Lost mutation: You are resistant to hostile enchantments. (MR+) [potion of cure mutation]
 23528 | D:14     | Lost mutation: You are weak. (Str -2) [potion of cure mutation]
 23528 | D:14     | Lost mutation: You have sharp toenails. [potion of cure mutation]
 23528 | D:14     | Lost mutation: You are partially covered in yellow scales. (AC +2) [potion of cure mutation]
 23666 | D:15     | Entered Level 15 of the Dungeon
 23736 | D:15     | Lost mutation: You evolve. [mutagenic meat]
 23737 | D:15     | Gained mutation: You possess an exceptional clarity of mind. [mutagenic meat]
 23738 | D:15     | Gained mutation: You are robust. (+10% HP) [mutagenic meat]
 23739 | D:15     | Gained mutation: You have a pair of large horns on your head. [mutagenic meat]
 23740 | D:15     | Gained mutation: You can translocate small distances at will. [mutagenic meat]
 24387 | D:15     | Received a gift from Trog
 25121 | D:15     | Lost mutation: You are robust. (+10% HP) [mutagenic meat]
 25136 | D:15     | Found a staircase to the Depths.
 26003 | D:14     | You paid a toll of a +4 demon whip to enter a treasure trove
 26004 | Trove    | Entered a treasure trove
 26037 | Trove    | Identified the Incunabulum of Venomous Lightness
 26200 | Depths:1 | Entered Level 1 of the Depths
 26224 | Depths:1 | Received a gift from Trog
 26454 | Depths:1 | Found Izxyejag's Weapon Shop.
 26454 | Depths:1 | Found Feteheak's Antique Armour Boutique.
 26523 | Depths:1 | Gained mutation: Your system is resistant to poisons. (rPois) [mutagenic meat]
 26525 | Depths:1 | Gained mutation: You are partially covered in thin metallic scales. (AC +2) [mutagenic meat]
 26555 | Depths:1 | Bought a heavily runed leather armour for 252 gold pieces
 26565 | Depths:1 | Identified the +1 leather armour "Igejiank" {+Inv rPois MR+++ rCorr} (You bought it in a shop on level 1 of the Depths)
 26586 | Depths:1 | Found a gateway to a ziggurat.
 26594 | Depths:1 | Reached XP level 16. HP: 143/143 MP: 21/21
 26681 | Depths:1 | Lost mutation: You are clumsy. (Dex -2) [mutagenic meat]
 26800 | Depths:1 | Gained mutation: Your magical capacity is low. (-10% MP) [mutagenic meat]
 26801 | Depths:1 | Lost mutation: Your magical capacity is low. (-10% MP) [mutagenic meat]
 26849 | Depths:1 | Shot with a bolt by a yaktaur

Skill      XL: |  1  2  3  4  5  6  7  8  9 10 11 12 13 14 15 16 |
---------------+-------------------------------------------------+-----
Axes           | 4 5 6 8 11 13 14 | 14.0
Fighting       | 4 6 7 9 11 12 13 | 13.0
Armour         | 3 5 7 9 10 12 13 | 13.5
Dodging        | 3 5 6 8 9 11 12 | 12.5
Shields        | 2 4 6 8 10 11 12 13 | 13.0
Short Blades   | 3 5 8 9 11 | 11.5
Stealth        | 3 7 |  7.0
Evocations     | 2 9 |  9.0

Action                   |  1- 3 |  4- 6 |  7- 9 | 10-12 | 13-15 | 16-18 || total
-------------------------+-------+-------+-------+-------+-------+-------++-------
Melee: Hand axe          |    79 |   166 |       |   279 |   217 |       ||   741
       Headbutt          |    13 |    27 |    61 |   222 |   405 |    22 ||   750
       War axe           |       |    14 |   286 |   554 |       |       ||   854
       Rapier            |       |       |       |    21 |  1012 |    63 ||  1096
       Kick              |       |       |       |   194 |   275 |       ||   469
       Broad axe         |       |       |       |       |    21 |       ||    21
       Demon whip        |       |       |       |       |     1 |       ||     1
 Fire: Shortbow          |       |       |     6 |       |       |       ||     6
Invok: Berserk           |       |     1 |     8 |    18 |    16 |     2 ||    45
       Trog's Hand       |       |       |       |     1 |     3 |       ||     4
       Brothers in Arms  |       |       |       |     1 |     5 |     3 ||     9
Evoke: Wand              |       |       |       |     2 |     2 |     1 ||     5
  Use: Scroll            |     2 |     5 |     3 |     8 |    13 |     1 ||    32
       Potion            |     2 |     3 |     3 |     6 |     8 |     1 ||    23
 Stab: Sleeping          |     2 |     6 |     2 |     1 |    11 |       ||    22
       Distracted        |       |       |       |       |     1 |       ||     1
  Eat: Chunk             |     1 |     6 |    18 |    30 |    75 |     4 ||   134
       Beef jerky        |       |     1 |     2 |       |     3 |       ||     6
       Fruit             |       |       |     1 |       |     2 |       ||     3
       Pizza             |       |       |       |     1 |     1 |       ||     2
       Royal jelly       |       |       |       |     6 |       |       ||     6
       Meat ration       |       |       |       |     1 |       |       ||     1
       Bread ration      |       |       |       |       |     1 |       ||     1
Armor: Animal skin       |     6 |       |       |       |       |       ||     6
       Leather armour    |    12 |    20 |    21 |       |       |       ||    53
       Plate armour      |       |       |    24 |       |       |       ||    24
       Mottled dragon sc |       |       |    12 |   165 |   332 |    13 ||   522
Dodge: Dodged            |    24 |    30 |    98 |   355 |   591 |    21 ||  1119
Block: Large shield      |    26 |    82 |     8 |       |       |       ||   116
       Buckler           |       |       |    16 |   194 |   351 |    20 ||   581
